 Dungeon Crawl Stone Soup version 0.24.0-13-gcf9b319 (webtiles) character file.

Game seed: 13521116753613525833, levelgen mode: deterministic

7372 Fortress the Thaumaturge (level 11, -4/62 HPs)
             Began as a Gargoyle Earth Elementalist on Jan 5, 2020.
             Was a Priest of Vehumet.
             Slain by a death yak (17 damage)
             ... on level 7 of the Dungeon on Jan 6, 2020.
             The game lasted 00:57:29 (8831 turns).

Fortress the Thaumaturge (GrEE)                     Turns: 8831, Time: 00:57:30

Health: -4/62      AC: 15    Str: 12    XL:     11   Next: 14%
Magic:  11/26      EV: 11    Int: 19    God:    Vehumet [***...]
Gold:   437        SH:  0    Dex: 10    Spells: 18/32 levels left

rFire    + . .     SeeInvis .   g - +3 dagger (venom)
rCold    . . .     Gourm    +   (no shield)
rNeg     + + .     Faith    .   I - +2 leather armour {rN+}
rPois    ∞         Spirit   .   t - +0 helmet
rElec    +         Reflect  .   y - +0 cloak
rCorr    .         Harm     .   (no gloves)
MR       +....                  (no boots)
Stlth    ++........             H - amulet of the gourmand
HPRegen  0.20/turn              C - ring of protection from magic
MPRegen  0.20/turn              x - ring of protection from fire

@: no status effects
A: negative energy resistance 1, electricity resistance, unbreathing,
petrification resistance, rot immunity, AC +8
a: Renounce Religion


You were on level 7 of the Dungeon.
You worshipped Vehumet.
Vehumet was most pleased with you.
You were not hungry.

You visited 2 branches of the dungeon, and saw 9 of its levels.

You collected 437 gold pieces.

Inventory:

Hand Weapons
 g - a +3 dagger of venom (weapon)
 i - a cursed +3 scimitar of freezing
 K - a +3 scimitar of flaming
 Q - the +9 staff of Olgreb {rPois}
   (You found it on level 8 of the Dungeon)

   It protects you from poison.
Missiles
 b - 82 stones (quivered)
 h - 4 boomerangs
 j - 34 poisoned darts
 u - 11 atropa-tipped darts
Armour
 t - a +0 helmet (worn)
 y - a +0 cloak (worn)
 I - a +2 leather armour of positive energy (worn)
Jewellery
 x - a ring of protection from fire (right hand)
 C - a ring of protection from magic (left hand)
 E - an uncursed ring of fire
 H - an amulet of the gourmand (around neck)
Wands
 k - a wand of iceblast (17)
 v - a wand of flame (39)
 M - a wand of scattershot (2)
Scrolls
 a - 3 scrolls of teleportation
 e - a scroll of enchant weapon
 f - 4 scrolls of enchant armour
 m - a scroll of blinking
 s - a scroll of brand weapon {unknown}
 B - 2 scrolls of remove curse
 F - 2 scrolls of fear {unknown}
 J - a scroll of magic mapping {unknown}
 L - a scroll of amnesia {unknown}
 N - a scroll of immolation {unknown}
Potions
 c - a potion of flight {unknown}
 l - a potion of berserk rage {unknown}
 n - 3 potions of degeneration
 o - a potion of mutation {unknown}
 p - a potion of heal wounds {unknown}
 q - a potion of might {unknown}
 r - a potion of ambrosia {unknown}
 w - a potion of haste
 z - a potion of resistance {unknown}
 A - a potion of agility {unknown}
 G - 2 potions of brilliance
 O - a potion of invisibility {unknown}
 P - a potion of lignification
Comestibles
 d - 17 rations


   Skills:
 * Level 4.5 Fighting
 + Level 1.9 Short Blades
   Level 0.1 Maces & Flails
 - Level 2.0 Dodging
 - Level 4.0 Stealth
 - Level 0.1 Unarmed Combat
 - Level 11.3 Spellcasting
 + Level 7.4 Conjurations
 - Level 0.7 Transmutations
 - Level 9.3 Earth Magic


You had 18 spell levels left.
You knew the following spells:

 Your Spells              Type           Power        Failure   Level  Hunger
a - Sandblast             Erth           #####.       1%          1    None
b - Stone Arrow           Conj/Erth      #####.       1%          3    None
c - Lee's Rapid Deconstr  Erth           #####.....   1%          5    ####...
d - Petrify               Tmut/Erth      ####....     11%         4    ##.....
e - Sting                 Conj/Pois      ###.         1%          1    None

Your spell library contained the following spells:

 Spells                   Type           Power        Failure   Level  Hunger
 Static Discharge         Conj/Air       ###.....     1%          3    None
 Passwall                 Tmut/Erth      ####....     1%          2    None
 Infusion                 Chrm           ##..         9%          1    None
 Shroud of Golubria       Chrm/Tloc      ##....       13%         2    None
 Song of Slaying          Chrm           ##......     13%         2    None
 Regeneration             Chrm/Necr      ##........   26%         3    None
 Spectral Weapon          Hex/Chrm       ##......     26%         3    None


Dungeon Overview and Level Annotations

Branches:
Dungeon (8/15)             Temple (1/1) D:5            Lair (0/6) D:8

Altars:
Ashenzari
Cheibriados
Dithmenos
Elyvilon
Fedhas
Gozag
Hepliaklqana
Kikubaaqudgha
Makhleb
Nemelex Xobeh
Okawaru
Qazlal
Ru
Sif Muna
Trog
Uskayaw
Vehumet
Wu Jian
Xom
Yredelemnul
Zin
The Shining One

Shops:
D:8 %

Annotations:
D:5 1 runed translucent door, Nibiki's ghost, amateur OpAs
D:8 1 runed translucent door


Innate Abilities, Weirdness & Mutations

You are resistant to torment.
Your stone body is resilient. (AC +8)
You are immune to poison.
You resist negative energy. (rN+)
You are resistant to electric shocks. (rElec)
You can survive without breathing.
You are immune to petrification.
You are immune to rotting.


Message History

Press: ? - help, Shift-Dir - straight line, f/p - death yak
Aim: a death yak (moderately wounded)
The stone arrow misses the death yak.
The stone arrow hits the death yak.
The death yak is moderately wounded.
The death yak gores you!!
Casting: Stone Arrow (safe; 1% risk of failure)
Confirm with . or Enter, or press ? or * to list all spells.
Aiming: Stone Arrow (safe; 1% risk of failure)
Press: ? - help, Shift-Dir - straight line, f/p - death yak
Aim: a death yak (moderately wounded)
The stone arrow hits the death yak!!
The death yak is heavily wounded.
The death yak gores you!
* * * LOW HITPOINT WARNING * * *
There is an escape hatch in the ceiling here.
A mysterious force pulls you upwards. The hatch slams shut behind you.
You hit the death yak.
The death yak is severely wounded.
The death yak gores you!
You die...

###....#...........##
##
#.....##...##.....##
##.
##....##...####....#
##.. ##.........##
#...## ##..#
##...._....## ##....#
##..## ##.....8...##
##.....## ##..##
##......_..##
#..###..###..##
...........# ###.##
##.....##
...##.....## ##Y@##
##...##
..###.....####..##
#...#
.###.......#....#
##...##
................##
##.##..## #
.............##..#
#.####..# ##
............######
### ##.# #.
######..##..# ### #.
# #.####.# ## #.# ###


You could see a death yak.

Vanquished Creatures
  Erica (D:8)
  Pikel (D:5)
  Maurice (D:8)
  Joseph (D:7)
  Prince Ribbit (D:8)
  A shadow (D:6)
  2 wyverns (D:8)
  4 hogs (D:7)
  A yak (D:6)
  A human (D:7)
  2 hungry ghosts (D:7)
  2 soldier ants (D:8)
  A porcupine (D:8)
  A water moccasin (D:8)
  3 ice beasts
  3 sky beasts
  A slave (D:5)
  5 ogres
  3 phantoms
  A necrophage (D:7)
  A centaur (D:5)
  A big kobold (D:7)
  5 bullfrogs
  3 scorpions
  7 killer bees (D:8)
  4 wights (D:6)
  2 howler monkeys
  2 crimson imps
  A bullfrog zombie (D:8)
  5 hounds
  3 orc priests
  3 orc wizards (D:8)
  Crazy Yiuf (D:6)
  12 worker ants
  A hound skeleton (D:6)
  A worker ant zombie (D:5)
  A gnoll (D:1)
  A howler monkey skeleton (D:5)
  13 adders
  A shadow imp (D:5)
  An adder skeleton (D:8)
  2 worms
  9 leopard geckos
  18 orcs
  4 ball pythons
  6 giant cockroaches
  11 goblins
  8 hobgoblins
  13 jackals
  4 quokkas
  A ball python skeleton (D:4)
  9 bats
  A giant cockroach zombie (D:6)
  A jackal skeleton (D:5)
  13 kobolds
  A leopard gecko zombie (D:6)
  10 rats
216 creatures vanquished.

Vanquished Creatures (others)
  A hound skeleton (D:5)
1 creature vanquished.

Grand Total: 217 creatures vanquished

Notes
Turn   | Place    | Note
-------+----------+-------------------------------------------
     0 | D:1      | Fortress the Gargoyle Earth Elementalist began the quest
                  | for the Orb.
     0 | D:1      | Reached XP level 1. HP: 10/10 MP: 3/3
   123 | D:1      | Reached XP level 2. HP: 4/15 MP: 1/5
   713 | D:1      | Reached XP level 3. HP: 19/19 MP: 2/6
  1170 | D:1      | Learned a level 3 spell: Stone Arrow
  1223 | D:2      | Reached skill level 5 in Earth Magic
  1240 | D:2      | Reached XP level 4. HP: 24/24 MP: 1/7
  1430 | D:2      | Reached XP level 5. HP: 22/28 MP: 1/9
  1719 | D:2      | Found an opulent altar of Gozag.
  2213 | D:3      | Reached skill level 3 in Spellcasting
  2533 | D:3      | Found a basalt altar of Yredelemnul.
  2721 | D:4      | Found a radiant altar of Vehumet.
  2732 | D:4      | Became a worshipper of Vehumet
  2755 | D:4      | Reached skill level 1 in Short Blades
  2795 | D:4      | Reached XP level 6. HP: 31/33 MP: 0/11
  2981 | D:4      | Found an iron altar of Okawaru.
  3273 | D:5      | Entered Level 5 of the Dungeon
  3273 | D:5      | Found a staircase to the Ecumenical Temple.
  3346 | Temple   | Entered the Ecumenical Temple
  3449 | D:5      | Reached skill level 4 in Spellcasting
  3650 | D:5      | Found a runed translucent door.
  3654 | D:5      | Noticed Nibiki's ghost (amateur OpAs)
  3663 | D:5      | Reached XP level 7. HP: 37/37 MP: 9/13
  3722 | D:5      | Noticed Pikel
  3770 | D:5      | Killed Pikel
  3770 | D:5      | Reached skill level 1 in Fighting
  3770 | D:5      | Reached skill level 5 in Spellcasting
  3770 | D:5      | Reached XP level 8. HP: 18/43 MP: 0/16
  3980 | D:5      | Found a white marble altar of Elyvilon.
  3981 | D:5      | Found a glowing silver altar of Zin.
  4268 | D:6      | Reached * piety under Vehumet
  4268 | D:6      | Offered knowledge of Freeze by Vehumet.
  4273 | D:6      | HP: 2/43 [wight/cursed +2 hand axe (5)]
  4276 | D:6      | Reached skill level 6 in Spellcasting
  4740 | D:6      | Found a bloodstained altar of Trog.
  4854 | D:6      | Noticed a shadow
  4858 | D:6      | Killed a shadow
  4866 | D:6      | Noticed a yak
  4871 | D:6      | Killed a yak
  4871 | D:6      | Reached skill level 7 in Spellcasting
  4871 | D:6      | Reached XP level 9. HP: 26/48 MP: 3/19
  5168 | D:6      | Found a runed translucent door.
  5169 | D:6      | Noticed Crazy Yiuf
  5185 | D:6      | Killed Crazy Yiuf
  5265 | D:6      | Offered knowledge of Sting by Vehumet.
  5269 | D:6      | Reached ** piety under Vehumet
  5337 | D:6      | Learned a level 5 spell: Lee's Rapid Deconstruction
  5342 | D:6      | Learned a level 4 spell: Petrify
  5344 | D:6      | Learned a level 1 spell: Sting
  5498 | D:7      | Noticed Joseph
  5522 | D:7      | Killed Joseph
  5522 | D:7      | Reached skill level 8 in Spellcasting
  6036 | D:7      | Reached skill level 9 in Spellcasting
  6141 | D:7      | Offered knowledge of Inner Flame by Vehumet.
  6412 | D:7      | Found a snail-covered altar of Cheibriados.
  6438 | D:7      | Reached XP level 10. HP: 54/54 MP: 23/23
  6561 | D:7      | Reached skill level 10 in Spellcasting
  6801 | D:7      | Found an ornate altar of the Wu Jian Council.
  6802 | D:7      | Found a stormy altar of Qazlal.
  6921 | D:8      | Reached skill level 5 in Conjurations
  7004 | D:8      | Noticed a death yak
  7014 | D:8      | Noticed a death yak
  7017 | D:8      | Noticed a death yak
  7443 | D:8      | Found a staircase to the Lair.
  7448 | D:8      | Reached *** piety under Vehumet
  7523 | D:8      | Found the +9 staff of Olgreb {rPois}
  7527 | D:8      | Found a runed translucent door.
  7536 | D:8      | Found a runed translucent gate.
  7536 | D:8      | Found a runed translucent gate.
  7537 | D:8      | Found a runed translucent door.
  7541 | D:8      | Noticed Erica
  7548 | D:8      | Killed Erica
  7550 | D:8      | Reached skill level 11 in Spellcasting
  7559 | D:8      | Found a runed translucent gate.
  7561 | D:8      | Noticed Prince Ribbit
  7824 | D:8      | Noticed Maurice
  7830 | D:8      | Killed Maurice
  8339 | D:8      | Killed Prince Ribbit
  8342 | D:8      | Reached XP level 11. HP: 59/60 MP: 23/26
  8354 | D:8      | Offered knowledge of Static Discharge by Vehumet.
  8584 | D:8      | Found Jyugge's Food Shop.
  8831 | D:7      | Slain by a death yak

Levels and vault maps discovered:
D:1:      dpeg_arrival_water_temple_mockup, layout_rooms,
          minmay_misc_feat_ornament, minmay_heptomino_l4
D:2:      layout_loops_ring, grunt_gozag_statues
D:3:      layout_basic, yredelemnul_altar_generic, minmay_misc_feat_cross
D:4:      layout_rooms, lemuel_coloured_pillars_altar, vehumet_altar_wand_db
D:5:      layout_rooms, grunt_temple_overflow_open, temple_statues,
          hellmonk_ghost_happy_afterlife, first_ration, uniq_pikel
D:6:      minmay_cornered_nines, layout_cave_pods, bloody_trog,
          portal_sewer_entry_b, grunt_ministairs_2, uniq_crazy_yiuf_cottage
D:7:      layout_layer_cave, overflow_temple_1_default,
          chequers_temple_overflow_statue_of_worship, grunt_livestock,
          uniq_joseph
D:8:      layout_basic, dpeg_lair_monsters, serial_shops, nicolae_shop_crystal,
          minmay_guarded_unrand_staff_of_olgreb, uniq_prince_ribbit1,
          uniq_maurice, uniq_erica
Temple:   cyrus_circular_temple

Skill      XL: |  1  2  3  4  5  6  7  8  9 10 11 |
---------------+----------------------------------+-----
Earth Magic    | 4 5 6 8 9 |  9.3
Spellcasting   | 3 4 5 7 9 11 | 11.3
Dodging        | 2 |  2.0
Short Blades   | 1 |  1.9
Fighting       | 1 2 3 4 |  4.5
Stealth        | 3 4 |  4.0
Conjurations   | 4 6 7 |  7.4
Maces & Flails | |  0.1
Unarmed Combat | |  0.1
Transmutations | |  0.7

Action                   |  1- 3 |  4- 6 |  7- 9 | 10-12 || total
-------------------------+-------+-------+-------+-------++-------
Melee: Unarmed           |    19 |       |       |       ||    19
       Club              |    15 |       |       |       ||    15
       Dagger            |       |    48 |    47 |     6 ||   101
 Cast: Sandblast         |    38 |    65 |    99 |    88 ||   290
       Stone Arrow       |       |     4 |    39 |    42 ||    85
       Lee's Rapid Decon |       |       |     2 |     1 ||     3
  Use: Scroll            |       |     5 |     8 |     2 ||    15
       Potion            |       |       |     6 |       ||     6
 Stab: Sleeping          |     1 |       |       |       ||     1
  Eat: Chunk             |     1 |     6 |     6 |     1 ||    14
       Ration            |       |     1 |     1 |     2 ||     4
Armor: Robe              |    20 |    29 |    49 |       ||    98
       Leather armour    |       |       |     3 |    38 ||    41
Dodge: Dodged            |    31 |    54 |    73 |    39 ||   197
